Map: New Repugnancy LE

Players

dark

  • Race: Zerg Zerg
  • Spawn Location: 1:00

Stats - Winner!

  • Race: Protoss Protoss
  • Spawn Location: 7:00

Event: IEM Season 13: Katowice (2019)

VOD

Have the link to the VOD?

Description

Time

  • Played on: March 3, 2019, 5:40 a.m.
  • Length: 11:41

All games in this series

Show
View Real Time Build Order
Export as new Build Order

dark Zerg 

Build Orders: Hatch First 

Get SALT Encoding   

  12  0:00  Drone  
  13  0:12  Overlord  
  13  0:16  Drone  
  14  0:30  Drone  
  14  0:31  Drone  
  14  0:35  Drone  
  17  0:51  Hatchery  
  17  0:54  Drone  
  17  0:58  Drone  
  18  1:09  Extractor  
  17  1:13  Spawning Pool  
  17  1:16  Drone  
  17  1:20  Drone  
  18  1:30  Drone  
  19  1:39  Drone  
  20  1:47  Hatchery  
  20  1:54  Drone  
  20  2:03  Zergling x2  
  20  2:06  Queen  
  23  2:11  Drone  
  24  2:22  Queen  
  26  2:30  Roach Warren  
  26  2:35  Metabolic Boost  
  25  2:38  Drone  
  25  2:42  Drone  
  27  2:47  Overlord  
  27  2:53  Overlord  
  27  2:58  Zergling x2  
  27  3:10  Roach x3  
  35  3:13  Roach  
  35  3:18  Roach  
  37  3:22  Roach  
  37  3:26  Roach  
  41  3:34  Zergling x2  
  41  3:35  Zergling x2  
  41  3:38  Zergling x4  
  41  3:40  Zergling x2  
  46  3:45  Overlord  
  46  3:55  Overlord  
  46  4:05  Zergling x6  
  46  4:07  Ravager  
  49  4:11  Overlord  
  49  4:16  Drone x2  
  49  4:17  Drone  
  52  4:18  Drone  
  52  4:23  Drone x2  
  55  4:26  Drone  
  55  4:31  Drone x2  
  58  4:34  Drone  
  57  4:39  Drone x3  
  57  4:43  Drone  
  57  4:44  Drone  
  62  4:46  Drone  
  62  4:49  Drone  
  62  4:50  Drone  
  65  4:58  Overlord  
  65  5:01  Overlord  
  65  5:10  Overlord  
  65  5:16  Queen  
  65  5:17  Drone  
  65  5:18  Drone x3  
  65  5:20  Ravager x2  
  73  5:22  Drone x2  
  73  5:28  Zergling x10  
  80  5:31  Drone  
  80  5:35  Extractor  
  80  5:37  Drone x2  
  82  5:44  Extractor, Drone x4  
  85  5:56  Drone x2  
  86  5:57  Drone  
  86  5:58  Extractor  
  86  5:59  Queen  
  86  6:03  Lair, Overlord  
  88  6:06  Drone  
  88  6:07  Overlord  
  88  6:08  Overlord  
  88  6:18  Overlord x2  
  88  6:23  Roach x5  
  88  6:25  Overlord x2  
  98  6:27  Roach x2  
  98  6:28  Roach  
  103  6:40  Zergling x8  
  103  6:41  Zergling x4  
  103  6:44  Ravager x3  
  112  6:47  Zergling x4  
  112  6:51  Zergling x2  
  112  6:52  Zergling x4  
  112  6:54  Zergling x2  
  118  6:56  Zergling x2  
  118  6:57  Ravager  
  118  6:59  Ravager  
  121  7:02  Zergling x4  
  122  7:10  Overlord, Glial Reconstitution  
  122  7:14  Drone x3  
  125  7:19  Overlord x2  
  125  7:20  Drone  
  126  7:23  Baneling Nest  
  126  7:24  Evolution Chamber  
  126  7:25  Overlord  
  126  7:29  Overlord  
  124  7:31  Overlord, Drone x2  
  124  7:32  Drone  
  124  7:34  Drone x2  
  124  7:36  Extractor  
  128  7:38  Overlord  
  128  7:40  Hatchery  
  127  7:50  Zergling x2  
  127  7:51  Zergling x2  
  129  7:54  Zergling x6  
  129  7:55  Zergling x2  
  129  7:57  Zerg Melee Weapons Level 1  
  130  8:02  Zergling x8  
  134  8:07  Centrifical Hooks  
  134  8:08  Baneling x7  
  134  8:09  Baneling x5  
  134  8:10  Zergling x14  
  134  8:11  Baneling x4  
  141  8:13  Baneling  
  141  8:14  Baneling  
  141  8:20  Overseer  
  139  8:29  Zergling x2  
  139  8:30  Zergling x10  
  145  8:38  Zergling x6  
  145  8:39  Zergling x8  
  145  8:40  Baneling x3  
  145  8:41  Baneling x4  
  151  8:42  Ravager x2  
  151  8:43  Zergling x2  
  151  8:45  Baneling x2  
  151  8:46  Baneling  
  154  8:53  Zergling x2  
  151  8:57  Zergling x4, Baneling  
  151  8:58  Baneling x5  
  151  8:59  Zergling x2  
  146  9:03  Zergling x4  
  123  9:14  Roach x9  
  123  9:17  Roach  
  138  9:18  Roach  
  138  9:21  Roach  
  138  9:22  Roach  
  126  9:25  Roach  
  126  9:26  Roach  
  126  9:29  Roach x2  
  128  9:34  Roach x2  
  128  9:35  Roach  
  121  9:38  Queen, Roach x2  
  121  9:41  Roach  
  121  9:45  Roach  
  108  9:49  Zergling x4  
  85  9:53  Roach x3  
  85  9:56  Roach  
  87  10:03  Roach  
  87  10:04  Drone x4  
  91  10:10  Queen, Drone  
  91  10:12  Drone x2  
  96  10:14  Drone  
  97  10:28  Drone x4  
  100  10:33  Roach x4  
  109  10:36  Ravager  
  109  10:37  Ravager  
  109  10:38  Overseer  
  109  10:40  Roach  
  113  10:45  Roach x2  
  117  10:52  Zergling x12  
  123  11:00  Zergling x6  
  123  11:01  Zergling x4  
  123  11:02  Roach  
  130  11:06  Roach  
  123  11:13  Roach x2  
  123  11:14  Roach  
  123  11:15  Roach  
  121  11:19  Roach x3  
Show
View Real Time Build Order
Export as new Build Order

Stats Protoss - Winner!

Build Orders: 1 Gate Expand, Archon Immortal 

Get SALT Encoding   

  12  0:00  Probe  
  13  0:12  Probe  
  14  0:19  Pylon  
  14  0:24  Probe  
  15  0:33  Probe  
  15  0:41  Probe  
  16  0:44  Gateway  
  16  0:46  Assimilator  
  17  0:51  Probe  
  18  1:03  Probe  
  19  1:15  Probe  
  20  1:29  Nexus  
  20  1:33  Cybernetics Core  
  20  1:35  Probe  
  21  1:42  Assimilator  
  21  1:48  Probe  
  21  1:51  Pylon  
  22  2:00  Probe  
  23  2:11  Adept  
  23  2:12  Probe  
  23  2:13  Robotics Facility  
  26  2:21  Warp Gate, Probe  
  26  2:29  Probe  
  28  2:37  Probe x2  
  28  2:41  Stalker  
  32  2:45  Probe x2  
  34  2:53  Probe, Warp Prism  
  34  2:55  Probe  
  38  3:11  Probe x2  
  40  3:15  Gateway  
  40  3:21  Pylon  
  40  3:23  Probe x2  
  40  3:24  Sentry  
  44  3:30  Immortal  
  44  3:33  Assimilator  
  45  3:37  Assimilator  
  48  3:43  Shield Battery  
  48  3:47  Shield Battery  
  48  3:53  Pylon  
  48  3:59  Immortal  
  48  4:00  Shield Battery  
  48  4:08  Probe x2  
  54  4:23  Probe x2  
  56  4:25  Pylon  
  56  4:26  Forge  
  56  4:32  Pylon  
  56  4:35  Probe x2  
  58  4:39  Observer  
  59  4:47  Probe x2  
  59  4:48  Gateway  
  59  4:51  Twilight Council  
  61  4:55  Protoss Ground Weapons Level 1, Pylon  
  61  5:00  Sentry x2  
  65  5:07  Immortal  
  65  5:09  Pylon  
  65  5:11  Probe  
  70  5:17  Gateway, Charge  
  70  5:21  Pylon  
  70  5:24  Sentry, Zealot  
  74  5:32  Templar Archives  
  74  5:46  Gateway  
  74  5:48  Gateway  
  74  5:53  Phoenix  
  74  6:04  Gateway  
  74  6:05  Gateway  
  74  6:08  Zealot x3  
  80  6:16  Probe  
  81  6:22  Pylon  
  81  6:23  Pylon  
  81  6:29  Nexus  
  81  6:33  Pylon  
  81  6:34  High Templar x4  
  81  6:37  Protoss Ground Weapons Level 2  
  89  6:40  Archon  
  89  6:41  Archon  
  89  6:49  High Templar x2  
  89  6:51  Probe x2  
  89  6:53  Archon  
  95  6:59  Observer  
  95  7:00  Zealot x2  
  99  7:03  Probe x2  
  99  7:04  Immortal  
  101  7:13  Pylon  
  106  7:15  Probe x2  
  107  7:26  Pylon  
  107  7:27  Probe x2  
  109  7:32  Zealot x4  
  117  7:38  Pylon  
  117  7:39  Probe  
  117  7:40  Probe  
  117  7:42  Immortal  
  119  7:44  Probe  
  119  7:47  High Templar  
  119  7:48  High Templar  
  128  7:57  Archon  
  128  7:59  Zealot x2, Shield Battery  
  128  8:00  Zealot  
  134  8:11  Zealot x3  
  140  8:14  Pylon  
  140  8:27  Zealot x3, High Templar x2  
  138  8:31  Archon  
  146  8:34  Zealot x3  
  152  8:43  Assimilator  
  152  8:44  Assimilator  
  152  8:46  Templar Archives  
  152  8:47  Pylon  
  152  8:49  Zealot x3  
  150  9:01  Zealot x5  
  124  9:21  Zealot x8  
  128  9:24  Warp Prism  
  128  9:25  Psionic Storm  
  120  9:43  Zealot x2, High Templar x4  
  120  9:44  Zealot  
  126  9:50  Immortal  
  96  10:08  Zealot x4  
  96  10:12  Probe x3  
  107  10:19  Immortal  
  107  10:26  Zealot x2, High Templar x2  
  115  10:30  Nexus  
  119  10:36  Archon  
  119  10:40  Zealot  
  121  10:45  Zealot x3  
  121  10:47  High Templar x2  
  131  10:51  Archon  
  131  11:05  Zealot x3  
  131  11:06  Zealot x3  
  137  11:22  Zealot  
  137  11:25  Archon  
  125  11:26  Zealot x6  
  131  11:33  Zealot  

Tags
 
Add a new tag
Caveats
  • Supply blocks, unpowered buildings, or Contaminate may cause inaccurate times.
  • Supply counts are checked every 10 seconds.